AoeStats
← kuki

Arabia

505204552Analyzed
1v1 RM · 25d ago on Sep 8, 2026· 33m 3s· 2 players
Game mode
Random Map
Map size
Tiny (2 player)
Population
200
Speed
Normal
Resources
Standard
Victory
Conquest
Starting age
Dark Age
Ending age
Imperial Age
RankedLock teamsTeams togetherTeam positionsShared explorationLock speedFull tech treeHidden civsTurbo modeCheats
Victory
Defeat
897
+15
🇩🇪 Burgundians · Germany
872
-15
kuki
7:38 Loom
9:55 Feudal Age
16:46 Castle Age
16:09 Double-Bit Axe
23:52 Wheelbarrow
27:59 Scale Barding Armor
28:06 Horse Collar
29:29 Light Cavalry
30:22 Husbandry
31:04 Fletching
32:55 Devotion
_NVIDIA_GEFORCE_RTX_4070_
12:01 Loom
14:38 Feudal Age
15:06 Double-Bit Axe
15:33 Town Watch
21:15 Fletching
23:26 Castle Age
21:28 Horse Collar
22:28 Scale Mail Armor
23:14 Gold Mining
26:26 Padded Archer Armor
28:10 Leather Archer Armor
29:23 Bloodlines
31:04 Bow Saw
32:06 Sanctity
31:51 Light Cavalry
Connection lost

Rejoining the realm…

Still unreachable

The connection could not be restored.

Session expired

The server has moved on; the page needs a fresh start.